 Dungeon Crawl Stone Soup version 0.22.0-38-g04b72b8c25 (webtiles) character file.

67 AlolanVulpixel the Skirmisher (level 3, -5/33 HPs)
             Began as a Draconian Chaos Knight on Aug 30, 2018.
             Was an Initiate of Dithmenos.
             Slain by Sigmund
             ... wielding a +0 scythe
              (8 damage)
             ... on level 2 of the Dungeon.
             The game lasted 00:04:16 (1104 turns).

AlolanVulpixel the Skirmisher (DrCK)                Turns: 1104, Time: 00:04:17

Health: -5/33      AC:  5    Str: 14    XL:     3   Next: 98%
Magic:  3/3        EV: 12    Int: 12    God:    Dithmenos [......]
Gold:   163        SH:  0    Dex: 11    Spells: 2/2 levels left

rFire    . . .     SeeInvis .   a - +0 falchion (chaos)
rCold    . . .     Gourm    .   (no shield)
rNeg     . . .     Faith    .   (armour unavailable)
rPois    .         Spirit   .   (helmet restricted)
rElec    .         Reflect  .   (no cloak)
rCorr    .         Harm     .   (no gloves)
MR       .....                  (no boots)
Stlth    +.........             (no amulet)
HPRegen  0.11/turn              (no ring)
MPRegen  0.08/turn              (no ring)

@: confused, flying
A: unfitting armour, cold-blooded, AC +5
a: Renounce Religion


You were on level 2 of the Dungeon.
You worshipped Dithmenos.
Dithmenos was noncommittal.
You were hungry.

You visited 1 branch of the dungeon, and saw 2 of its levels.

You collected 163 gold pieces.

Inventory:

Hand Weapons
 a - a +0 falchion of chaos (weapon)
Missiles
 f - 71 stones (quivered)
 h - 32 arrows
 l - 6 poisoned needles
 p - 6 needles of confusion
 r - 2 javelins
 t - 16 bolts
Armour
 n - a +1 robe of fire resistance
Wands
 s - a wand of paralysis (13)
Scrolls
 d - a scroll of teleportation {unknown}
 e - 2 scrolls of fear {unknown}
 m - a scroll of identify {unknown}
Potions
 c - a potion of resistance {unknown}
 g - a potion of lignification {unknown}
 i - a potion of might {unknown}
 j - a potion of curing {unknown}
 k - a potion of heal wounds {unknown}
 o - a potion of berserk rage {unknown}
 q - a potion of flight
Comestibles
 b - 3 rations


   Skills:
 + Level 4.2 Fighting
 + Level 3.8 Long Blades
 + Level 2.7 Dodging


You had 2 spell levels left.
You didn't know any spells.
Your spell library was empty.

Dungeon Overview and Level Annotations

Branches:
Dungeon (2/15)

Altars:
Dithmenos
Sif Muna

Annotations:
D:2 Sigmund


Innate Abilities, Weirdness & Mutations

Your plain brown scales are hard. (AC +5)
You cannot fit into any form of body armour.
You are cold-blooded and may be slowed by cold attacks.


Message History

No target in view!
No target in view!
You miss something. Something hits you.
You hit something. You freeze something. You tail-slap something.
Something hits you.
You miss something. You tail-slap something. You miss something.
Something hits you!
* * * LOW HITPOINT WARNING * * *
You hit something but do no damage. Something hits you.
* * * LOW HITPOINT WARNING * * *
It was a potion of flight.
You feel very buoyant.
You fly up into the air.
You hear some strange, mumbled words.
You are confused.
You're too confused to move!
You hear some strange, mumbled words.
Something tries to affect you, but you resist.
Something hits you!
You die...

#.##.# #.##.# .. #.##.#
.# #.##.## .#
#..#..######## .#
##.#.........# .#
...#..######.# .#
####..######.####.####.#
................@{(...>.
#.##.........########...
#.######.#####
#.##.........###
#.##.###.......#
#.##.#.........#
#....#.#.......#
######.#.......# #
#.#.......#


There were no monsters in sight!

Vanquished Creatures
  4 adders (D:2)
  A dart slug (D:2)
  A leopard gecko (D:2)
  2 bats
  3 goblins
  7 hobgoblins
  2 ball pythons
  3 kobolds
  A quokka zombie (D:2)
  6 rats
30 creatures vanquished.

Notes
Turn   | Place    | Note
-------+----------+-------------------------------------------
     0 | D:1      | AlolanVulpixel the Draconian Chaos Knight began the quest for the Orb.
     0 | D:1      | Reached XP level 1. HP: 19/19 MP: 1/1
    94 | D:1      | XOM: divination: magic mapping
   237 | D:1      | Reached XP level 2. HP: 26/26 MP: 2/2
   337 | D:1      | XOM: divination: detect items
   531 | D:2      | Reached XP level 3. HP: 31/33 MP: 3/3
   555 | D:2      | Found a deep blue altar of Sif Muna.
   591 | D:2      | Found a shadowy altar of Dithmenos.
   634 | D:2      | Fell from the grace of Xom
   634 | D:2      | Became a worshipper of Dithmenos the Shadowed
   713 | D:2      | Reached skill level 4 in Fighting
  1085 | D:2      | Noticed Sigmund
  1104 | D:2      | Slain by Sigmund

Skill      XL: |  1  2  3 |
---------------+----------+-----
Fighting       | 4 |  4.2
Long Blades    | |  3.8
Dodging        | |  2.7

Action                   || total
-------------------------++-------
Melee: Falchion          ||    97
       Tailslap          ||    14
  Use: Potion            ||     1
 Stab: Paralysed         ||     1
Armor: Skin              ||    32
Dodge: Dodged            ||    52
       Rpst.: Falchion   ||    13
